 Dungeon Crawl Stone Soup version 0.26-a0-597-gb535b0901c (webtiles) character file.

Game seed: 13571356190609184606

3795 diemos the Cleaver (level 9, -1/70 HPs)
             Began as a Demonspawn Transmuter on Sept 2, 2020.
             Was a Follower of Fedhas.
             Blown up by Maurice (19 damage)
             ... with a disintegration bolt
             ... on level 9 of the Dungeon on Sept 3, 2020.
             The game lasted 00:21:28 (8752 turns).

diemos the Cleaver (Demonspawn Transmuter)          Turns: 8752, Time: 00:21:28

Health: -1/70      AC: 21    Str: 19    XL:     9   Next: 96%
Magic:  0/12       EV:  8    Int: 15    God:    Fedhas [*.....]
Gold:   404        SH: 10    Dex: 14    Spells: 8/12 levels left

rFire    . . .     SeeInvis .   a - +3 hand axe (venom)
rCold    . . .     Faith    .   I - +0 kite shield
rNeg     . . .     Spirit   +   P - +0 plate armour
rPois    .         Reflect  .   L - +2 helmet
rElec    .         Harm     .   y - +0 cloak
rCorr    .                      w - +2 pair of gloves
MR       .....                  (no boots)
Stlth    ..........             s - amulet of magic regeneration
HPRegen  0.21/turn              o - +4 ring of evasion
MPRegen  0.51/turn              A - +6 ring of strength

@: lethally poisoned (-1 -> -17)
A: hooves 2, rugged brown scales 1, magic shield, magic regeneration
a: Renounce Religion


You were on level 9 of the Dungeon.
You worshipped Fedhas.
Fedhas was aware of your devotion.
You visited 2 branches of the dungeon, and saw 10 of its levels.

You collected 498 gold pieces.
You spent 94 gold pieces at shops.

Inventory:

Hand Weapons
 a - a +3 hand axe of venom (weapon)
 d - a +0 club
 h - a +0 whip
 r - a +0 hand axe
Missiles
 x - 3 curare-tipped darts (quivered)
 z - 2 throwing nets
 F - 4 boomerangs
Armour
 w - a +2 pair of gloves (worn)
 y - a +0 cloak (worn)
 I - a +0 kite shield (worn)
 L - a +2 helmet (worn)
 P - a +0 plate armour (worn)
Jewellery
 c - an uncursed ring of resist corrosion
 o - a +4 ring of evasion (left hand)
 s - an amulet of magic regeneration (around neck)
 u - an uncursed ring of fire
 A - a +6 ring of strength (right hand)
 M - an uncursed ring of magical power
 Q - a cursed -4 ring of slaying {unknown}
Wands
 k - a wand of paralysis (2)
 S - a wand of random effects (15)
 T - a wand of polymorph (5)
Scrolls
 f - 2 scrolls of immolation {unknown}
 g - 2 scrolls of fear {unknown}
 i - 2 scrolls of blinking {unknown}
 j - a scroll of fog {unknown}
 l - 2 scrolls of teleportation {unknown}
 t - 9 scrolls of remove curse
 D - 2 scrolls of noise {unknown}
 E - 3 scrolls of amnesia {unknown}
 J - a scroll of enchant armour {unknown}
 K - a scroll of vulnerability {unknown}
 R - a scroll of holy word {unknown}
Potions
 b - 4 potions of brilliance
 e - 2 potions of berserk rage
 m - 3 potions of mutation
 n - 2 potions of heal wounds
 p - 3 potions of curing
 q - 3 potions of lignification
 v - a potion of ambrosia
 B - a potion of invisibility
 C - a potion of stabbing
 G - a potion of haste
 H - a potion of flight
 O - a potion of resistance {unknown}
 U - a potion of degeneration {unknown}
 V - a potion of magic {unknown}


   Skills:
 * Level 5.2 Fighting
 + Level 8.6(8.7) Axes
 - Level 1.0(5.4) Maces & Flails
 * Level 6.0 Armour
 - Level 1.7 Dodging
 - Level 0.9 Stealth
 * Level 5.2 Shields
 - Level 2.6 Unarmed Combat
 - Level 2.0 Spellcasting
 - Level 1.7 Transmutations
 * Level 2.1 Invocations


You had 8 spell levels left.
You knew the following spells:

 Your Spells              Type           Power        Failure   Level
a - Beastly Appendage     Tmut           #.....       100%        1
b - Apportation           Tloc           #.....       100%        1
c - Wereblood             Tmut           #.......     100%        2

Your spell library contained the following spells:

 Spells                   Type           Power        Failure   Level
 Animate Skeleton         Necr           #.....       100%        1
 Corona                   Hex            #......      100%        1
 Foxfire                  Conj/Fire      #...         100%        1
 Pain                     Necr           #...         100%        1
 Summon Small Mammal      Summ           #...         100%        1
 Conjure Flame            Conj/Fire      #.......     100%        3
 Inner Flame              Hex/Fire       #.......     100%        3
 Spider Form              Tmut/Pois      #.........   100%        3
 Vampiric Draining        Necr           #.........   100%        3
 Animate Dead             Necr           #.........   100%        4
 Ice Form                 Ice/Tmut       #.......     100%        4
 Sticky Flame             Conj/Fire      #.......     100%        4
 Agony                    Necr           #.......     100%        5
 Blade Hands              Tmut           #.........   100%        5
 Fireball                 Conj/Fire      #.........   100%        5


Dungeon Overview and Level Annotations

Branches:
Dungeon (9/15)             Temple (1/1) D:7
   Lair: D:8-11         Orc: D:9-12

Altars:
Ashenzari
Cheibriados
Dithmenos
Elyvilon
Fedhas
Gozag
Hepliaklqana
Kikubaaqudgha
Makhleb
Nemelex Xobeh
Okawaru
Sif Muna
Trog
Uskayaw
Vehumet
Wu Jian
Xom
Yredelemnul
Zin
The Shining One
Lugonu

Shops:
D:4 *(   D:6 :   D:9 *

Annotations:
D:1 exclusion: downstairs
D:5 2 runed translucent doors, Lanoc's ghost, amateur DECj
D:9 Maurice


Innate Abilities, Weirdness & Mutations

You have hoof-like feet.
You are partially covered in rugged brown scales. (AC +1, +3% HP)
When hurt, damage is shared between your health and your magic reserves.
You regenerate magic rapidly.


Message History

You are more poisoned.
Your plate armour prevents you from hitting something.
You kick something.
You feel sick. Something hits you but does no damage.
You closely miss something. You kick something.
You feel sick.
You hear a zap.
You are blasted!
You completely miss something. Your kick misses something.
You feel sick. Something hits you but does no damage.
You are more poisoned.
You hit something but do no damage.
You feel sick.
You hear a zap.
Something tries to affect you, but you resist.
You hit something.
You feel sick. Something hits you but does no damage.
Your plate armour prevents you from hitting something.
You kick something.
You feel sick.
You hit something. Your kick misses something.
You feel sick.
You hear a zap.
You are blasted!
You die...
Fedhas appreciates your contribution to the ecosystem.

...# #.#.#
###..#.######
##.# # #.#
#....# .#
#.##.# #....#
#.##.# #.##.#
#.##.# #.##.#
#@##.# #{##.#
......)(...#
.......(...#
####.....#.#
#..??.#.#
##....# #
.#....
#......


There were no monsters in sight!

Vanquished Creatures
  Pikel (D:8)
  A troll (D:9)
  2 hippogriffs (D:7)
  2 yaks (D:9)
  3 black bears
  An orc warrior (D:7)
  A phantom (D:7)
  2 sky beasts
  An ogre (D:4)
  4 centaurs
  4 bullfrogs
  A scorpion (D:8)
  A water moccasin zombie (D:5)
  8 wights
  A howler monkey (D:8)
  A crimson imp (D:3)
  A quasit (D:6)
  3 hounds
  2 jellies
  An orc priest (D:8)
  A gnoll shaman (D:7)
  3 iguanas
  Terence (D:2)
  3 orc wizards
  A worker ant zombie (D:7)
  A howler monkey skeleton (D:5)
  6 gnolls
  2 adders
  A shadow imp (D:5)
  A white imp (D:7)
  An ufetubus (D:6)
  An adder zombie (D:6)
  A worm (D:2)
  A dart slug (D:3)
  4 leopard geckos
  22 orcs
  5 ball pythons
  7 bats
  2 giant cockroaches
  11 goblins
  12 hobgoblins
  6 jackals
  4 kobolds
  4 quokkas
  4 frilled lizards
  A goblin skeleton (D:6)
  A goblin zombie (D:6)
  4 hobgoblin zombies (D:6)
  A kobold zombie (D:6)
  An orc skeleton (D:6)
  An orc zombie (D:6)
  A quokka skeleton (D:4)
  7 rats
163 creatures vanquished.

Notes
Turn   | Place    | Note
-------+----------+-------------------------------------------
     0 | D:1      | diemos the Demonspawn Transmuter began the quest for the
                  | Orb.
     0 | D:1      | Reached XP level 1. HP: 15/15 MP: 3/3
   208 | D:1      | Gained mutation: When hurt, damage is shared between your
                  | health and your magic reserves. [demonic ancestry]
   208 | D:1      | Reached XP level 2. HP: 20/21 MP: 5/5
   236 | D:1      | Reached skill level 1 in Armour
  1240 | D:1      | Gained mutation: You regenerate magic rapidly. [demonic
                  | ancestry]
  1240 | D:1      | Reached XP level 3. HP: 25/27 MP: 6/6
  1525 | D:2      | Found a shimmering blue altar of Sif Muna.
  1591 | D:2      | Noticed Terence
  2293 | D:2      | Killed Terence
  2293 | D:2      | Reached skill level 1 in Maces & Flails
  2293 | D:2      | Reached XP level 4. HP: 25/33 MP: 7/7
  3052 | D:3      | Found a shimmering altar of Xom.
  3052 | D:3      | Found a burning altar of Makhleb.
  3069 | D:3      | Reached skill level 1 in Axes
  3311 | D:3      | Reached skill level 2 in Axes
  3314 | D:3      | Gained mutation: You have large cloven feet. [demonic
                  | ancestry]
  3314 | D:3      | Reached XP level 5. HP: 37/38 MP: 8/8
  3565 | D:4      | You fall into a shaft and drop 2 floors!
  3577 | D:5      | Entered Level 5 of the Dungeon
  3627 | D:5      | Found a runed translucent door.
  3629 | D:5      | Noticed Lanoc's ghost (amateur DECj)
  4002 | D:4      | Found an ancient bone altar of Kikubaaqudgha.
  4130 | D:4      | Noticed an ogre
  4138 | D:4      | Killed an ogre
  4138 | D:4      | Reached skill level 3 in Axes
  4138 | D:4      | Gained mutation: You are partially covered in rugged brown
                  | scales. (AC +1, +3% HP) [demonic ancestry]
  4138 | D:4      | Reached XP level 6. HP: 22/45 MP: 4/9
  4323 | D:4      | Found Kidyn's Weapon Shop.
  4349 | D:4      | Found Upreulysch's Assorted Antiques.
  4354 | D:4      | Bought a kite shield for 94 gold pieces
  4405 | D:4      | Reached skill level 4 in Axes
  5132 | D:5      | Found a glowing silver altar of Zin.
  5246 | D:5      | Found a runed translucent door.
  5289 | D:5      | Found a glowing silver altar of Zin.
  5499 | D:6      | Found Ucouk's Book Shop.
  5537 | D:6      | Found an ornate altar of the Wu Jian Council.
  5659 | D:6      | Found a glowing golden altar of the Shining One.
  5674 | D:6      | Reached skill level 5 in Axes
  5697 | D:6      | Gained mutation: You have hoof-like feet. [demonic
                  | ancestry]
  5697 | D:6      | Reached XP level 7. HP: 30/51 MP: 8/10
  5875 | D:6      | Reached skill level 6 in Axes
  6126 | D:6      | Found a white marble altar of Elyvilon.
  6424 | D:7      | Noticed a hippogriff
  6435 | D:7      | Killed a hippogriff
  6435 | D:7      | Reached skill level 1 in Shields
  6669 | D:7      | Noticed a hippogriff
  6679 | D:7      | Killed a hippogriff
  6679 | D:7      | Reached XP level 8. HP: 45/58 MP: 9/11
  6754 | D:7      | Found a staircase to the Ecumenical Temple.
  6769 | D:7      | Reached skill level 7 in Axes
  6781 | Temple   | Entered the Ecumenical Temple
  6816 | Temple   | Became a worshipper of Fedhas Madash
  7063 | D:7      | Found a hazy altar of Hepliaklqana.
  7147 | D:7      | Found a snail-covered altar of Cheibriados.
  7356 | D:7      | Found a sparkling altar of Nemelex Xobeh.
  7686 | D:8      | Reached * piety under Fedhas
  7686 | D:8      | Reached XP level 9. HP: 66/66 MP: 12/12
  7940 | D:8      | Reached skill level 8 in Axes
  8078 | D:8      | Found a radiant altar of Vehumet.
  8086 | D:8      | Reached skill level 5 in Armour
  8208 | D:8      | Learned a level 1 spell: Apportation
  8211 | D:8      | Learned a level 2 spell: Wereblood
  8317 | D:9      | Noticed Pikel
  8370 | D:8      | Killed Pikel
  8448 | D:9      | Found an opulent altar of Gozag.
  8449 | D:9      | Found Gozag's Platinum Reserve.
  8456 | D:9      | Noticed a troll
  8466 | D:9      | Killed a troll
  8466 | D:9      | Reached skill level 1 in Invocations
  8492 | D:9      | Reached skill level 5 in Fighting
  8636 | D:9      | Reached skill level 5 in Shields
  8722 | D:9      | Noticed Maurice
  8752 | D:9      | Blown up by Maurice

Illustrated notes

Levels and vault maps discovered:
D:1:      dpeg_arrival_stonehenge_8_columns, layout_loops_corners
D:2:      layout_basic, old_standard_altar, minmay_pentomino_q4, uniq_terence
D:3:      layout_loops_ring, grunt_temple_overflow_champion_of_chaos
D:4:      layout_layer_cave, lemuel_coloured_pillars_altar, serial_shops,
          nicolae_shop_stone, shop, minmay_increasing_density
D:5:      layout_loops_cross, kennysheep_mini_moat, ebering_ghost_sewer_f,
          basic_altar
D:6:      layout_loops_ring, kennysheep_mini, nicolae_tso_besieged_by_evil,
          lemuel_crystal_altar, serial_shops, nicolae_shop_statue_plus
D:7:      layout_basic, marbit_many_paths, old_standard_altar,
          nicolae_overflow_hidden_temple, minmay_temple_entry_stoned_glass
D:8:      layout_basic, vehumet_crystals, minmay_door_square
D:9:      layout_loops_ring, nicolae_gozag_zags_fifth_avenue,
          lightli_orcish_oven, uniq_pikel, uniq_maurice
Temple:   corrupted_temple

Skill      XL: |  1  2  3  4  5  6  7  8  9 |
---------------+----------------------------+-----
Armour         | 1 2 3 4 6 |  6.0
Fighting       | 2 3 5 |  5.2
Maces & Flails | 1 |  1.0
Axes           | 2 3 5 6 7 8 |  8.6
Shields        | 1 3 5 |  5.2
Invocations    | 2 |  2.1
Dodging        | |  1.7
Stealth        | |  0.9
Unarmed Combat | |  2.6
Spellcasting   | |  2.0
Transmutations | |  1.7

Action                   |  1- 3 |  4- 6 |  7- 9 || total
-------------------------+-------+-------+-------++-------
Melee: Unarmed           |    23 |       |     1 ||    24
       Club              |    60 |       |       ||    60
       Punch             |     3 |       |       ||     3
       Whip              |   155 |       |       ||   155
       Hand axe          |       |   169 |   267 ||   436
       Kick              |       |    30 |    90 ||   120
Throw: Dart              |       |     5 |     3 ||     8
       Boomerang         |       |       |     5 ||     5
Evoke: Wand              |     4 |       |       ||     4
  Use: Scroll            |       |       |    13 ||    13
 Stab: Paralysed         |    19 |       |       ||    19
Armor: Chain mail        |   188 |   115 |    56 ||   359
       Plate armour      |       |       |    58 ||    58
Dodge: Dodged            |    64 |    67 |    73 ||   204
Block: Kite shield       |       |    39 |   113 ||   152

Table legend: (Time is in decaauts)
 A = Elapsed time spent in this place.
 B = Non-inter-level travel time spent in this place.
 C = Inter-level travel time spent in this place.
 D = Time resting spent in this place.
 E = Time spent auto-exploring this place.
 F = Levels seen in this place.
 G = Mean time per level.
                   A        B        C        D        E       F      G
               +--------+--------+--------+--------+--------+-----+--------+
         Total |   8809 |   8333 |    476 |    601 |   6166 |  10 |  880.9 |
       Dungeon |   8758 |   8297 |    461 |    601 |   6135 |   9 |  973.1 |
        Temple |     50 |     35 |     15 |      0 |     31 |   1 |   50.0 |
               +--------+--------+--------+--------+--------+-----+--------+

Top non-repeatable levels by time:
     D:1: 1554 daAuts
     D:4: 1345 daAuts
     D:2: 1283 daAuts
     D:7: 1150 daAuts
     D:6: 867 daAuts
     D:8: 858 daAuts
     D:3: 763 daAuts
     D:5: 586 daAuts
     D:9: 348 daAuts
  Temple: 50 daAuts
